 Dungeon Crawl Stone Soup version 0.31-a0-1163-gcee99d1eea (webtiles) character file.

Game seed: 16502779662508776388

137 Curundu the Poker (level 5, 0/47 HPs)
             Began as a Minotaur Berserker on Dec 9, 2023.
             Was a Believer of Trog.
             Killed by divine providence
             ... invoked by an orc priest
              (15 damage)
             ... on level 3 of the Dungeon.
             The game lasted 00:07:45 (1795 turns).

Curundu the Poker (Minotaur Berserker)              Turns: 1795, Time: 00:07:46

Health: 0/47       AC: 11    Str: 24    XL:     5   Next: 0%
Magic:  4/4        EV:  9    Int:  4    God:    Trog [**....]
Gold:   163        SH:  0    Dex:  9    Spells: 4/4 levels left

rFire   . . .        r - +2 flail (protect)
rCold   . . .        (no shield)
rNeg    . . .        s - +0 chain mail
rPois   .            (helmet restricted)
rElec   .            e - +0 cloak
rCorr   .            (no gloves)
SInv    .            q - +0 pair of boots
Will    .....        (no amulet) Stlth
                     (no ring)
HPRegen 0.27/turn    (no ring)
MPRegen 0.09/turn

%: no passive effects
@: no status effects
A: horns 2, retaliatory headbutt
a: Renounce Religion, Berserk, Trog's Hand


You were on level 3 of the Dungeon.
You worshipped Trog.
Trog was pleased with you.
You visited 1 branch of the dungeon, and saw 3 of its levels.

You collected 163 gold pieces.

Inventory:

Hand Weapons
 a - a +0 spear
 r - a +2 flail of protection (weapon)
Armour
 b - a +0 animal skin
 c - a +0 ring mail
 e - a +0 cloak (worn)
 q - a +0 pair of boots (worn)
 s - a +0 chain mail (worn)
Wands
 j - a wand of acid (8)
Scrolls
 h - a scroll of teleportation {unknown}
 m - a scroll of identify {unknown}
Potions
 d - a potion of heal wounds {unknown}
 f - a potion of resistance {unknown}
 g - a potion of degeneration {unknown}
 i - a potion of magic {unknown}
 k - a potion of mutation {unknown}
 l - 2 potions of curing {unknown}
 n - a potion of cancellation {unknown}
 o - a potion of haste {unknown}
 p - a potion of enlightenment {unknown}


   Skills:
 + Level 4.8 Fighting
 + Level 5.2 Polearms
 + Level 3.4 Armour
 + Level 2.6 Dodging


You had 4 spell levels left.
You didn't know any spells.
Your spell library contained the following spells:

 Spells                   Type           Power      Damage    Failure   Level
 Magic Dart               Conj           0%         1d3       97%         1
 Call Imp                 Summ           0%         N/A       99%         2
 Mephitic Cloud           Conj/Pois/Air  0%         N/A       100%        3


Dungeon Overview and Level Annotations

Branches:
Dungeon (3/15)

Altars:

Shops:
D:2 [


Innate Abilities, Weirdness & Mutations

You have a pair of horns on your head.
You reflexively headbutt those who attack you in melee.


Message History

An orc priest comes into view. It is wielding a +0 dagger.
The orc priest shouts!
You hit the orc.
Your weapon exudes an aura of protection.
The orc is heavily wounded.
The orc hits you but does no damage.
The orc priest mumbles some strange prayers to Beogh against you.
Beogh smites you!
You hear a shout!
You sock the orc!
You kill the orc!
Trog accepts your kill.
An orc comes into view. It is wielding a +0 flail.
You have reached level 5!
The orc priest calls down the wrath of Beogh upon you.
Beogh smites you!
The orc priest hits you but does no damage.
You closely miss the orc priest.
The orc priest invokes the aid of Beogh against you.
Beogh smites you!
* * * LOW HITPOINT WARNING * * *
The orc priest hits you but does no damage.
You barely miss the orc priest. Your headbutt misses the orc priest.
The orc priest begins to cast a cantrip, but forgets the words!
You sock the orc priest!
Your weapon exudes an aura of protection.
The orc priest is almost dead.
The orc priest hits you but does no damage. x2
You closely miss the orc priest.
The orc priest is almost dead.
The orc priest hits you but does no damage.
You closely miss the orc priest.
The orc priest is almost dead.
The orc priest hits you with a +0 dagger.
You closely miss the orc priest.
The orc priest is almost dead.
The orc priest casts a cantrip, but nothing happens.
The orc priest mumbles some strange prayers to Beogh against you.
Beogh smites you!
You die...

#.# #.#
##########.#
.....>...#.###
#..........###
#.####.###...###
#.# #.# ###...#
#.# #.# ###.#
#.# #.# #@# #.#
#.# #o# #.# #.#
#o# #.# #.# ...
#.# #.# ..! #.#
#.# .#.#. #.#
#.# .###. #.#
#.# ## ## #.#
#.#


You could see an orc priest and an orc.

Vanquished Creatures
  Terence (D:3)
  4 adders (D:2)
  2 worms (D:2)
  4 dart slugs
  An orc (D:3)
  3 ball pythons (D:1)
  9 endoplasms
  A giant cockroach (D:2)
  4 goblins
  6 hobgoblins
  3 jackals (D:1)
  3 kobolds (D:1)
  2 quokkas
  7 bats
  3 frilled lizards (D:2)
  3 rats
56 creatures vanquished.

Notes
Turn   | Place    | Note
-------+----------+-------------------------------------------
     0 | D:1      | Curundu the Minotaur Berserker began the quest for the Orb.
     0 | D:1      | Reached XP level 1. HP: 19/19 MP: 0/0
    56 | D:1      | Reached XP level 2. HP: 27/27 MP: 1/1
    88 | D:1      | Reached skill level 4 in Polearms
   390 | D:1      | Reached XP level 3. HP: 28/33 MP: 2/2
   881 | D:2      | Reached ** piety under Trog
  1005 | D:2      | Found Bituddoq's Armour Boutique.
  1042 | D:2      | Reached XP level 4. HP: 41/41 MP: 3/3
  1367 | D:2      | Reached skill level 5 in Polearms
  1675 | D:3      | Noticed Terence
  1690 | D:3      | Killed Terence
  1784 | D:3      | Reached XP level 5. HP: 32/47 MP: 4/4
  1795 | D:3      | Killed from afar by an orc priest

Illustrated notes

Levels and vault maps discovered:
D:1:      giann_horns, layout_loops_ring, minmay_misc_feat_x
D:2:      layout_basic, serial_shops, shop, minmay_pentomino_w4
D:3:      layout_loops_ring, gammafunk_temple_overflow_statue,
          chequers_ecumenical_altar_simple_redux, pf_guarded_unrand_meek,
          uniq_jessica, uniq_terence, uniq_ijyb

Skill      XL: |  1  2  3  4 |
---------------+-------------+-----
Fighting       | 4 |  4.8
Polearms       | 4 5 |  5.2
Armour         | 3 |  3.4
Dodging        | |  2.6

Action                     |  1- 3 |  4- 6 || total
---------------------------+-------+-------++-------
  Melee: Spear             |    64 |    49 ||   113
         Headbutt          |    14 |     6 ||    20
         Flail             |       |    11 ||    11
 Invoke: Trog's Hand       |       |     1 ||     1
 Armour: Animal skin       |     2 |       ||     2
         Ring mail         |    33 |    35 ||    68
         Chain mail        |       |    10 ||    10
  Dodge: Dodged            |    35 |    36 ||    71

Table legend: (Time is in decaauts)
 A = Elapsed time spent in this place.
 B = Non-inter-level travel time spent in this place.
 C = Inter-level travel time spent in this place.
 D = Time resting spent in this place.
 E = Time spent auto-exploring this place.
 F = Levels seen in this place.
 G = Mean time per level.
                   A        B        C        D        E       F      G
               +--------+--------+--------+--------+--------+-----+--------+
         Total |   1783 |   1783 |      0 |     75 |   1120 |   3 |  594.3 |
       Dungeon |   1783 |   1783 |      0 |     75 |   1120 |   3 |  594.3 |
               +--------+--------+--------+--------+--------+-----+--------+

Top non-repeatable levels by time:
     D:2: 861 daAuts
     D:1: 771 daAuts
     D:3: 150 daAuts
